 Dungeon Crawl Stone Soup version 0.22-a0-456-g11ed031 (webtiles) character file.

94 HammerPanzer the Slasher (level 4, 0/60 HPs)
             Began as a Draconian Berserker on June 7, 2018.
             Was a Believer of Trog.
             Succumbed to a worker ant's poison
             ... on level 2 of the Dungeon.
             The game lasted 00:03:32 (1331 turns).

HammerPanzer the Slasher (Draconian Berserker)      Turns: 1331, Time: 00:03:33

Health: 0/60       AC:  7    Str: 25    XL:     4   Next: 38%
Magic:  4/4        EV: 13    Int:  7    God:    Trog [**....]
Gold:   50         SH:  0    Dex: 11    Spells: 3/3 levels left

rFire    . . .     SeeInvis .   a - +0 falchion
rCold    . . .     Gourm    .   (no shield)
rNeg     . . .     Faith    .   (armour unavailable)
rPois    .         Spirit   .   (helmet restricted)
rElec    .         Reflect  .   o - +0 cloak
rCorr    .         Harm     .   (no gloves)
MR       .....                  i - +0 pair of boots (curse)
Stlth    ..........             (no amulet)
HPRegen  0.20/turn              (no ring)
MPRegen  0.09/turn              (no ring)

@: berserking, lethally poisoned (0 -> -7), very quick
A: unfitting armour, cold-blooded, AC +5
a: Berserk, Trog's Hand, Renounce Religion


You were on level 2 of the Dungeon.
You worshipped Trog.
Trog was pleased with you.
You were very hungry.

You visited 1 branch of the dungeon, and saw 2 of its levels.

You collected 50 gold pieces.

Inventory:

Hand Weapons
 a - a +0 falchion (weapon)
Armour
 i - a cursed +0 pair of boots (worn)
 o - a +0 cloak (worn)
Jewellery
 h - an uncursed amulet of magic regeneration {unknown}
Wands
 n - a wand of flame (20)
Scrolls
 c - 2 scrolls of magic mapping {unknown}
 d - 2 scrolls of teleportation {unknown}
 g - a scroll of fear {unknown}
 k - 2 scrolls of enchant weapon {unknown}
 m - a scroll of immolation {unknown}
 p - a scroll of blinking {unknown}
Potions
 e - a potion of curing {unknown}
 f - 2 potions of might {unknown}
 l - a potion of heal wounds {unknown}
 q - a potion of cancellation {unknown}
Comestibles
 b - 4 rations
 j - 3 chunks of flesh


   Skills:
 + Level 4.0 Fighting
 * Level 4.2 Long Blades
 + Level 3.3 Dodging


You had 3 spell levels left.
You didn't know any spells.
Your spell library was empty.

Dungeon Overview and Level Annotations

Branches:
Dungeon (2/15)

Altars:


Innate Abilities, Weirdness & Mutations

Your plain brown scales are hard. (AC +5)
You cannot fit into any form of body armour.
You are cold-blooded and may be slowed by cold attacks.


Message History

You hit the worker ant but do no damage.
Your tail-slap misses the worker ant.
The worker ant is heavily wounded.
* * * LOW HITPOINT WARNING * * *
You feel sick.
The worker ant bites you but does no damage.
The worker ant bites you!
* * * LOW HITPOINT WARNING * * *
A red film seems to cover your vision as you go berserk!
You feel yourself moving faster!
You feel mighty!
You are feeling very hungry.
* * * LOW HITPOINT WARNING * * *
You feel sick. The worker ant closely misses you.
You hit the worker ant.
The worker ant is heavily wounded.
The worker ant bites you.
* * * LOW HITPOINT WARNING * * *
You hit the worker ant.
Your tail-slap misses the worker ant.
The worker ant is almost dead.
You die...

# .# #.# #..
##.#
#########.#
#.........#
#.#######@#
### #.# #a.#
..# #.#
#.#.. ).#
#.# #.####
..# #.# #.#
'##
###.#####
#.# .♣♣
#.......#
#.# ♣.♣
###.###.#
#.# ♣.♣♣
#.###.###.##


You could see a worker ant.

Vanquished Creatures
  Crazy Yiuf (D:2)
  2 adders (D:2)
  2 oozes
  7 bats
  4 giant cockroaches (D:1)
  7 hobgoblins
  6 goblins
  6 kobolds (D:1)
  3 rats (D:1)
38 creatures vanquished.

Notes
Turn   | Place    | Note
-------+----------+-------------------------------------------
     0 | D:1      | HammerPanzer the Draconian Berserker began the quest for the Orb.
     0 | D:1      | Reached XP level 1. HP: 19/19 MP: 1/1
   228 | D:1      | Reached XP level 2. HP: 26/26 MP: 2/2
   719 | D:1      | Reached XP level 3. HP: 31/33 MP: 3/3
  1121 | D:2      | Reached ** piety under Trog
  1164 | D:2      | Found a runed door.
  1168 | D:2      | Noticed Crazy Yiuf
  1174 | D:2      | Killed Crazy Yiuf
  1174 | D:2      | Reached XP level 4. HP: 40/40 MP: 4/4
  1330 | D:2      | HP: 1/60 [worker ant (4)]
  1331 | D:2      | Succumbed to a worker ant's poison

Vault maps used:
D:1:      kilobyte_arrival_exit_the_forest
D:2:      first_ration, minmay_tromino_v7, uniq_crazy_yiuf_cottage, uniq_robin

Skill      XL: |  1  2  3  4 |
---------------+-------------+-----
Dodging        | 3 |  3.3
Long Blades    | 4 |  4.2
Fighting       | 4 |  4.0

Action                   |  1- 3 |  4- 6 || total
-------------------------+-------+-------++-------
Melee: Falchion          |    79 |    23 ||   102
       Tailslap          |    12 |     4 ||    16
Invok: Berserk           |     2 |     1 ||     3
 Stab: Sleeping          |       |     1 ||     1
  Eat: Chunk             |     2 |     1 ||     3
Armor: Skin              |    23 |     8 ||    31
Dodge: Dodged            |    51 |    13 ||    64
       Rpst.: Falchion   |    18 |     4 ||    22

Table legend:
 A = Spawn XP
 B = Non-spawn XP
 C = Spawn XP percentage of total XP
 D = Spawn monster count
 E = Non-spawn monster count
 F = Spawn count percentage of total count
 G = Total turns spent on level
                    A         B        C        D         E        F      G
               +---------+---------+-------+---------+---------+-------+---------
         Total |       0 |     135 |   0.0 |       0 |      38 |   0.0 |  1331
               +---------+---------+-------+---------+---------+-------+---------
           D:1 |       0 |      50 |   0.0 |       0 |      28 |   0.0 |  1075
           D:2 |       0 |      85 |   0.0 |       0 |      10 |   0.0 |   256
               +---------+---------+-------+---------+---------+-------+---------
